 Dungeon Crawl Stone Soup version 0.31-a0-848-gaac375c287 (webtiles) character file.

Game seed: 1992819899225686034

568 LeprechaunX the Changeling (level 7, -11/46 HPs)
             Began as an Octopode Shapeshifter on Oct 4, 2023.
             Was an Initiate of Ru.
             Shot with an arrow by a centaur (19 damage)
             ... on level 4 of the Dungeon.
             The game lasted 00:06:15 (3207 turns).

LeprechaunX the Changeling (Octopode Shapeshifter)  Turns: 3207, Time: 00:06:16

Health: -11/46     AC:  1    Str: 15    XL:     7   Next: 33%
Magic:  7/7        EV: 13    Int: 12    God:    Ru [......]
Gold:   180        SH:  4    Dex: 12    Spells: 6/6 levels left

rFire   . .          .
                       - Unarmed
rCold   + . .        q - +0 buckler
rNeg    . . .        (helmet currently unavailable)
rPois   .            (no amulet)
rElec   .            n - ring of protection from cold
rCorr   .            (no ring)
SInv    .            (no ring)
Will    .....        (no ring)
Stlth   ++           (no ring)
HPRegen 0.27/turn    (no ring)
MPRegen 0.10/turn    (no ring)
                     (no ring)

%: no passive effects
@: beast-form
A: beast (slay +2), almost no armour, amphibious, 8 rings, camouflage 1,
gelatinous body 1, (nimble swimmer 1), tentacles
a: Begin Untransformation, Renounce Religion


You were on level 4 of the Dungeon.
You worshipped Ru.
Ru was noncommittal.
You were a hulking beast.
You visited 1 branch of the dungeon, and saw 5 of its levels.

You collected 238 gold pieces.
You spent 58 gold pieces at shops.

Inventory:

Hand Weapons
 a - a +0 sling
 v - a +0 shortbow
Missiles
 o - 5 javelins
 u - 4 throwing nets
Armour
 q - a +0 buckler (worn)
Jewellery
 l - a ring of wizardry
 n - a ring of protection from cold (left tentacle)
Talismans
 b - a beast talisman (active)
 c - a flux talisman
Wands
 s - a wand of flame (35)
Scrolls
 h - 2 scrolls of silence {unknown}
 i - 7 scrolls of identify {unknown}
 k - 2 scrolls of enchant armour {unknown}
 m - 2 scrolls of immolation {unknown}
 w - 2 scrolls of teleportation {unknown}
 x - a scroll of revelation {unknown}
Potions
 d - 2 potions of lignification
 e - 3 potions of mutation {unknown}
 f - a potion of might {unknown}
 g - 3 potions of curing {unknown}
 j - a potion of invisibility {unknown}
 p - 2 potions of degeneration {unknown}
 r - a potion of heal wounds {unknown}
 t - a potion of resistance {unknown}


   Skills:
 + Level 3.1 Fighting
 + Level 3.6 Dodging
 + Level 2.3 Shields
 + Level 4.3 Unarmed Combat
 * Level 5.1 Shapeshifting


You had 6 spell levels left.
You didn't know any spells.
Your spell library contained the following spells:

 Spells                   Type           Power      Damage    Failure   Level
 Cigotuvi's Dreadful Rot  Necr/Pois/Air  0%         N/A       54%         2
 Ignite Poison            Fire/Tmut/Pois 0%         N/A       78%         3
 Volatile Blastmotes      Fire/Tloc      0%         2d10      78%         3
 Animate Dead             Necr           0%         N/A       99%         4
 Fulminant Prism          Conj/Hex       0%         3d5       99%         4
 Iskenderun's Mystic Bla  Conj/Tloc      0%         2d3       99%         4
 Borgnjor's Vile Clutch   Necr/Erth      0%         N/A       100%        5
 Freezing Cloud           Conj/Ice/Air   0%         6-21      100%        5
 Death Channel            Necr           0%         N/A       100%        6


Dungeon Overview and Level Annotations

Branches:
Dungeon (5/15)
 Temple: D:4-7

Altars:
Kikubaaqudgha
Okawaru
Ru
Sif Muna

Shops:
D:1 *   D:2 [[::*


Innate Abilities, Weirdness & Mutations

You are a hulking beast.
Your limbs bulge with bestial killing power. (Slay +2)
You cannot wear most types of armour.
You are amphibious.
You can wear up to eight rings at the same time.
Your skin changes colour to match your surroundings (Stealth+).
Your rubbery body absorbs attacks. (AC +1, EV +1)
((You are camouflaged when in or above water. (Stealth+)))
You have tentacles for arms and can constrict up to eight enemies at once.


Message History

Press: ? - help, v - describe, . - travel, g - get item Item here: the +0 toga "Victory" {*Victory Clar}.
The floor.
Unknown command.
The centaur shouts!
Could not explore, unopened runed door.
Could not explore, unopened runed door.
Could not explore, unopened runed door.
Press: ? - help, . - travel You can't see that place. [the floor.]
There is an iron altar of Okawaru here.
Press: ? - help, . - travel You can't see that place. [the floor.]
Press: ? - help, v - describe, . - travel
Here: a gnoll, wielding a +0 flail of draining (fire blocked by a runed translucent door)
The floor.
Press: ? - help, v - describe, . - travel, g - get item
Here: a scorpion (fire blocked by a runed translucent door) Item here: 4 gold pieces.
The floor.
You open the door.
The gnoll sergeant hits you from afar with a +9 spear!!
The centaur hits you. The centaur kicks you.
The centaur wields a +2 orcbow of freezing.
It is covered in frost.
The centaur shoots an arrow.
The arrow misses you.
The centaur shoots an arrow.
The arrow closely misses you.
The centaur shoots an arrow.
You block the arrow.
The centaur shoots an arrow.
The arrow hits you!
* * * LOW HITPOINT WARNING * * *
The arrow freezes you.
* * * LOW HITPOINT WARNING * * *
The centaur shoots an arrow.
The arrow barely misses you.
Unknown command.
You see here a +0 spear.
The centaur shoots an arrow.
The arrow barely misses you.
You see here a +0 spear.
The centaur shoots an arrow.
The arrow hits you!!
You die...

...........................#
###############.......###.##
................###..####.#######
################# #.##.c..##.....
...>..........#####.##.###....)..
######.........##...##.##.###...#
# #.............##.cs...# #...# #
#............)).g..######.g.#
#...........h####.....##8.sg8
##.........<.......#####.....
##........#..[......# #.._..
##...##.#..#.......# #.....
##....##.#..........# #8...8 ###
#..#.###....#.......####...# ..#
#.##...........###...# #...#
#.####.##.....#.#######.### #...#
#............##.##........# #....


You could see a gnoll sergeant, a centaur and a scorpion.

Vanquished Creatures
  Sigmund (D:4)
  A water moccasin (D:5)
  An ogre (D:4)
  A gnoll bouda (D:3)
  Ijyb (D:4)
  7 gnolls
  2 adders (D:3)
  A worm (D:2)
  2 dart slugs (D:1)
  5 orcs
  2 bats
  4 endoplasms (D:1)
  4 giant cockroaches
  10 goblins
  5 hobgoblins
  4 quokkas
  7 ball pythons
  4 frilled lizards
  8 kobolds
  12 rats
82 creatures vanquished.

Notes
Turn   | Place    | Note
-------+----------+-------------------------------------------
     0 | D:1      | LeprechaunX the Octopode Shapeshifter began the quest for
                  | the Orb.
     0 | D:1      | Reached XP level 1. HP: 13/13 MP: 1/1
    75 | D:1      | Reached XP level 2. HP: 18/18 MP: 2/2
   195 | D:1      | Found Foequs's Assorted Antiques.
   291 | D:1      | Reached XP level 3. HP: 22/23 MP: 3/3
   529 | D:1      | Found a faded altar of an unknown god.
   939 | D:2      | Found Puopn's Book Shoppe.
   985 | D:2      | Found Ynioh's Antique Armour Shop.
   994 | D:2      | HP: 1/24 [giant cockroach (1)]
  1147 | D:2      | Found Bupesaov's Armour Shop.
  1154 | D:2      | Bought a +0 buckler for 58 gold pieces
  1186 | D:2      | Found Geiduep's General Store.
  1343 | D:2      | Found Dempuq's Book Emporium.
  1372 | D:3      | Reached XP level 4. HP: 29/29 MP: 4/4
  1450 | D:3      | Found a sacrificial altar of Ru.
  1450 | D:3      | Found an ancient bone altar of Kikubaaqudgha.
  1557 | D:3      | Became a worshipper of Ru the Awakened
  1852 | D:3      | Found a shimmering blue altar of Sif Muna.
  1897 | D:3      | Reached XP level 5. HP: 31/34 MP: 5/5
  1934 | D:3      | Reached skill level 4 in Shapeshifting
  2150 | D:3      | Reached skill level 1 in Shields
  2360 | D:4      | Noticed Ijyb
  2371 | D:4      | Killed Ijyb
  2462 | D:4      | Noticed an ogre
  2469 | D:4      | HP: 1/35 [ogre/+0 giant club (20)]
  2470 | D:4      | Killed an ogre
  2471 | D:4      | Reached XP level 6. HP: 1/41 MP: 6/6
  2677 | D:4      | You fall into a shaft and drop 1 floor!
  2677 | D:5      | Entered Level 5 of the Dungeon
  2716 | D:5      | Noticed a water moccasin
  2722 | D:5      | Killed a water moccasin
  2738 | D:5      | Noticed a water moccasin
  2773 | D:4      | Noticed Sigmund
  2783 | D:4      | Killed Sigmund
  2784 | D:4      | Reached skill level 5 in Shapeshifting
  2784 | D:4      | Reached XP level 7. HP: 37/46 MP: 7/7
  2901 | D:4      | Found an iron altar of Okawaru.
  2901 | D:4      | Found a runed translucent door.
  2907 | D:4      | Found the +0 toga "Victory" {*Victory Clar}
  3207 | D:4      | Shot with an arrow by a centaur

Illustrated notes

Levels and vault maps discovered:
D:1:      minmay_arrival_stair_chambers, layout_basic,
          shapermc_ecumenical_altar_ellora, serial_shops, shop
D:2:      layout_rooms, serial_shops, shop, shop, nicolae_shop_back_alley_shop,
          shop, shop
D:3:      layout_loops_ring, chequers_temple_overflow_statue_of_worship,
          nicolae_sif_muna_condensation, serial_bayou_lagoon_b
D:4:      layout_rooms, nicolae_overflow_guarded_unrand_okawaru_victory,
          skrybe_limestone_x, uniq_sigmund, uniq_ijyb
D:5:      layout_basic, minmay_temple_entry_proselytizer, serial_shops,
          nicolae_square_shop, grunt_decor_mini_mirrors,
          corexii_item_surrounded_by_moat

Skill      XL: |  1  2  3  4  5  6 |
---------------+-------------------+-----
Fighting       | 2 3 |  3.1
Shapeshifting  | 4 5 |  5.1
Shields        | 1 2 |  2.3
Dodging        | 3 |  3.6
Unarmed Combat | 4 |  4.3

Action                     |  1- 3 |  4- 6 |  7- 9 || total
---------------------------+-------+-------+-------++-------
  Melee: Unarmed           |    75 |    79 |     9 ||   163
         Constrict         |    19 |    23 |     4 ||    46
         Tentacles         |    13 |    19 |     3 ||    35
         Punch             |     3 |     1 |       ||     4
   Stab: Sleeping          |     7 |     2 |       ||     9
 Armour: Skin              |    36 |    31 |     7 ||    74
  Dodge: Dodged            |    49 |    33 |     8 ||    90
  Block: Buckler           |     1 |    12 |     1 ||    14

Table legend: (Time is in decaauts)
 A = Elapsed time spent in this place.
 B = Non-inter-level travel time spent in this place.
 C = Inter-level travel time spent in this place.
 D = Time resting spent in this place.
 E = Time spent auto-exploring this place.
 F = Levels seen in this place.
 G = Mean time per level.
                   A        B        C        D        E       F      G
               +--------+--------+--------+--------+--------+-----+--------+
         Total |   3200 |   3123 |     77 |    392 |   2124 |   5 |  640.0 |
       Dungeon |   3200 |   3123 |     77 |    392 |   2124 |   5 |  640.0 |
               +--------+--------+--------+--------+--------+-----+--------+

Top non-repeatable levels by time:
     D:3: 891 daAuts
     D:4: 874 daAuts
     D:1: 748 daAuts
     D:2: 607 daAuts
     D:5: 77 daAuts
